[Event "*** Titled Tuesday Blitz"]
[Site "Chess.com"]
[Date "2020.04.21"]
[Round "7"]
[White "CroissantNeuf"]
[Black "MilanJeremic"]
[Result "1-0"]
[WhiteElo "2377"]
[BlackElo "2232"]
[TimeControl "180+1"]
[EndTime "11:21:54 PDT"]
[Termination "CroissantNeuf won on time"]

1. Nf3 d5 2. g3 c6 3. Bg2 Bf5 4. O-O Nf6 5. c4 e6 6. Qb3 Qb6 7. d3 Nbd7 8. cxd5 exd5 9. Qc2 Be7 10. Nc3 O-O 11. e4 dxe4 12. dxe4 Bg6 13. Nh4 Rfe8 14. h3 Nf8 15. Be3 Qc7 16. Rad1 Rad8 17. Nxg6 Nxg6 18. f4 Rxd1 19. Rxd1 Rd8 20. e5 Ne8 21. h4 Rxd1+ 22. Qxd1 Bb4 23. Ne4 Ne7 24. Qg4 Nd5 25. Bd4 Qd8 26. e6 f6 27. Bf2 Be7 28.
h5 Nd6 29. h6 g6 30. Nxd6 Qxd6 31. f5 g5 32. Qh5 Bf8 33. Qf7+ Kh8 34. Bd4 1-0

[Event "*** Titled Tuesday Blitz"]
[Site "Chess.com"]
[Date "2020.04.21"]
[Round "7"]
[White "HouseOfDurin"]
[Black "tonyq11"]
[Result "1-0"]
[WhiteElo "2102"]
[BlackElo "2231"]
[TimeControl "180+1"]
[EndTime "11:21:54 PDT"]
[Termination "HouseOfDurin won on time"]

1. d4 d5 2. Bg5 Nf6 3. Bxf6 exf6 4. e3 Bd6 5. c4 c6 6. cxd5 cxd5 7. Nc3 Be6 8. g3 O-O 9. Bg2 Nd7 10. Nge2 Rc8 11. O-O Qb6 12. Nxd5 Qxb2 13. Ndf4 Bc4 14. Rb1 Qxa2 15.
Bxb7 Bxf4 16. Nxf4 Rb8 17. Re1 Rfd8 18. Ra1 Qb2 19.
Bf3 a6 20. Qc1 Qxc1 21. Rexc1 Nb6 22. Be2 Bb5 23. Rab1 Bxe2 24. Nxe2 Kf8 25. Rc6 Nd5 26. Rxb8 Rxb8 27. Rxa6 Rb1+ 28. Kg2 g5 29. Rd6 Rb5 30. e4 1-0

[Event "*** Titled Tuesday Blitz"]
[Site "Chess.com"]
[Date "2020.04.21"]
[Round "7"]
[White "RaphaeI"]
[Black "Jospem"]
[Result "1-0"]
[WhiteElo "2672"]
[BlackElo "2821"]
[TimeControl "180+1"]
[EndTime "11:21:55 PDT"]
[Termination "RaphaeI won by resignation"]

1. c4 c5 2. Nf3 Nc6 3. Nc3 g6 4. e3 Bg7 5. d4 d6 6. Be2 Nf6 7. d5 Na5 8. O-O O-O 9. Bd2 a6 10.
a3 b5 11. cxb5 axb5 12. Bxb5 Bd7 13. b4 Nb7 14. Bc6 cxb4 15. axb4 Rb8 16. Nd4 Bc8 17. Qc2 Nd7 18. Nce2 Nb6 19. Ra7 e5 20. Nb5 Bg4 21.
f3 Bc8 22. e4 f5 23. Be3 Nd7 24. Rfa1 fxe4 25. fxe4 Nf6 26. h3 Nh5 27. Ra8 Rxa8 28. Rxa8 Qe7 29. Qd2 Nf6 30. Nec3 Nh5 31. Bg5 Qf7 32.
Ra1 Nf4 33. Kh2 h6 34. Bh4 g5 35. Bg3 h5 36. Bxb7 h4 37. Bxf4 gxf4 38. Nxd6 f3 39. Nxf7 1-0

[Event "*** Titled Tuesday Blitz"]
[Site "Chess.com"]
[Date "2020.04.21"]
[Round "7"]
[White "arminmusovic"]
[Black "Justinz"]
[Result "1-0"]
[WhiteElo "2490"]
[BlackElo "2302"]
[TimeControl "180+1"]
[EndTime "11:21:55 PDT"]
[Termination "arminmusovic won by resignation"]

1. a3 d5 2. Nc3 Nf6 3. d3 e5 4.
Bg5 Be7 5. e4 dxe4 6. dxe4 Qxd1+ 7. Rxd1 c6 8. f4 exf4 9. Nf3 h6 10. Bxf4 Bg4 11. h3 Bh5 12. Bc4 Bxf3 13. gxf3 O-O 14.
Rg1 Kh8 15. Bd6 Bxd6 16. Rxd6 Nbd7 17. Kf2 Ne5 18. Be2 Rad8 19. Rgd1 Rxd6 20. Rxd6 Nh5 21. Ke3 Ng3 22. f4 Nxe2 23. Kxe2 Nc4 24. Rd7 b6 25. b3 Nxa3 26. Rxa7 Nxc2 27. Kd3 Nb4+ 28. Kc4 c5 29. Nd5 Nc6 30. Rc7 Na5+ 31. Kc3 Re8 32. e5 Kg8 33. Nxb6 Rb8 34. Rc8+ Rxc8 35. Nxc8 g5 36. fxg5 hxg5 37. Nd6 Kf8 38. Ne4 Ke7 39. Nxc5 f6 40. exf6+ Kxf6 41. b4 Nc6 42. b5 Nb8 43. Kd4 Kf5 44. Kd5 Nd7 45. Nxd7 Kf4 46. Ne5 Kg3 47. b6 Kxh3 48.
b7 1-0

[Event "*** Titled Tuesday Blitz"]
[Site "Chess.com"]
[Date "2020.04.21"]
[Round "7"]
[White "WiktoriaPOL"]
[Black "miljanboro"]
[Result "0-1"]
[WhiteElo "2036"]
[BlackElo "2403"]
[TimeControl "180+1"]
[EndTime "11:21:55 PDT"]
[Termination "miljanboro won on time"]

1. c4 e6 2. Nc3 d5 3. d4 c5 4. cxd5 exd5 5. Nf3 Nc6 6. dxc5 d4 7. Ne4 Bf5 8. Ng3 Bg6 9. h4 h6 10. h5 Bh7 11. e3 Bxc5 12. exd4 Nxd4 13. Nxd4 Bxd4 14. Bb5+ Kf8 15. O-O Nf6 16. Re1 Bxf2+ 17. Kxf2 Qb6+ 18. Be3 Qxb5 19. Qd6+ Kg8 20. b3 Ne4+ 21. Nxe4 Bxe4 22.
Rad1 Qf5+ 23. Kg1 Kh7 24. Rf1 Qg4 25. Rd2 Rad8 26. Qb4 Rxd2 27. Qxd2 Rd8 28. Qb2 f5 29. Bxa7 f4 30. Qf2 f3 31. g3 Qxh5 32. Qe3 f2+ 33. Kxf2 Rf8+ 34. Ke1 Re8 35. Kd2 Bg6 36. Qf2 Qa5+ 0-1

[Event "*** Titled Tuesday Blitz"]
[Site "Chess.com"]
[Date "2020.04.21"]
[Round "7"]
[White "Sashadav97"]
[Black "GMKrikor"]
[Result "1-0"]
[WhiteElo "2579"]
[BlackElo "2716"]
[TimeControl "180+1"]
[EndTime "11:21:56 PDT"]
[Termination "Sashadav97 won by checkmate"]

1. d4 Nf6 2. c4 g6 3. Nc3 d5 4.
Nf3 Bg7 5. Bg5 dxc4 6. e4 c5 7. d5 b5 8. Bxf6 Bxf6 9. e5 Bg7 10. Nxb5 Nd7 11. Bxc4 Nxe5 12. Nxe5 Bxe5 13. Qe2 Qa5+ 14. Kf1 Bf6 15. d6 Rb8 16. dxe7 Qb6 17. Rd1 Bxe7 18. Qe5 O-O 19. Qxe7 Ba6 20. a4 Qa5 21. Qe1 Qb6 22.
Qc3 Bb7 23. f3 a6 24. Nd6 Bc6 25. b3 Qb4 26. Qxb4 Rxb4 27. Kf2 Kg7 28. Rhe1 Kf6 29.
Nxf7 Bxa4 30. Rd6+ Kg7 31. Re7 Bxb3 32. Ng5+ Kh6 33. h4 Bxc4 34. Rxh7# 1-0

[Event "*** Titled Tuesday Blitz"]
[Site "Chess.com"]
[Date "2020.04.21"]
[Round "7"]
[White "Kumi29"]
[Black "TV27"]
[Result "0-1"]
[WhiteElo "2374"]
[BlackElo "2157"]
[TimeControl "180+1"]
[EndTime "11:21:57 PDT"]
[Termination "TV27 won by resignation"]

1. d4 f5 2. e4 fxe4 3. Nc3 Nf6 4. Bg5 g6 5. f3 d5 6. fxe4 Nxe4 7. Nxe4 dxe4 8.
Bc4 Qd6 9. Qd2 Be6 10. d5 Bf7 11. Ne2 Bg7 12. c3 O-O 13. O-O-O Nd7 14. h4 Ne5 15. b3 Rab8 16. Nf4 Nxc4 17. bxc4 Qa3+ 18. Qb2 Qxc3+ 19. Qxc3 Bxc3 20. Bxe7 Rfe8 21. d6 cxd6 22. Bxd6 Rbc8 23. c5 b6 24. Nd5 Bxd5 25. Rxd5 e3 26. Kc2 Ba5 27. Be5 Rxc5+ 28. Rxc5 bxc5 29. Bc3 Bxc3 30.
Kxc3 Kg7 31. Re1 Kh6 32. g4 Re4 33. Kd3 Rxg4 34. Rxe3 Rxh4 35. Re5 Ra4 36. Rxc5 Rxa2 37. Kc3 Ra6 38. Kb4 Rb6+ 39. Ka5 Rb1 40. Ka6 g5 41. Kxa7 Kh5 42. Ka8 h6 43. Rc6 g4 44. Rf6 Kg5 45. Rf7 h5 46. Rg7+ Kh4 47. Rg6 g3 48.
Rg7 Kh3 49. Rg5 h4 50. Rg6 g2 51. Rh6 Kg3 52. Rg6+ Kh2 53. Rg4 h3 54. Rh4 g1=Q 55.
Rxh3+ Kg2 56. Rg3+ Kf2 57. Rf3+ Kg2 58. Rg3+ Kf2 59.
Rf3+ Ke2 60. Rf2+ Kxf2 0-1

[Event "*** Titled Tuesday Blitz"]
[Site "Chess.com"]
[Date "2020.04.21"]
[Round "7"]
[White "LuisFSiles"]
[Black "mshuaau0"]
[Result "1-0"]
[WhiteElo "2265"]
[BlackElo "2109"]
[TimeControl "180+1"]
[EndTime "11:21:58 PDT"]
[Termination "LuisFSiles won by resignation"]

1. e4 e5 2. Nf3 Nc6 3. Bc4 Nf6 4.
d3 Be7 5. O-O d6 6. Re1 O-O 7.
Nc3 Na5 8. h3 Nxc4 9. dxc4 Be6 10. Nd5 c6 11. Nxe7+ Qxe7 12. b3 a5 13. a4 Qc7 14.
Ba3 Rfd8 15. Qe2 Nh5 16. Rad1 Nf4 17. Qe3 f6 18. Kh2 d5 19. cxd5 cxd5 20. exd5 Bxd5 21. c4 Bxf3 22. Qxf3 Qc6 23. Qxc6 bxc6 24. Bc5 Nd3 25.
Bb6 Nxe1 26. Rxd8+ Rxd8 27. Bxd8 Nd3 28. Bxa5 Kf7 29.
b4 Ke6 30. b5 Kd7 31. Bc3 Kc8 32. Kg3 e4 33. a5 Kb7 34. Bd4 c5 35. Be3 Nb2 36.
Bxc5 Nxc4 37. a6+ Kb8 38. b6 Na5 39. Bd6+ Kc8 40. b7+ Nxb7 41. a7 Nxd6 42. a8=Q+ Kd7 43. Qd5 Ke7 44. Kf4 f5 45. Ke5 Ne8 46. Qe6+ Kf8 47. Qxf5+ Nf6 48. g4 h6 49. h4 Kg8 50. g5 hxg5 51.
hxg5 Nd7+ 52. Qxd7 e3 53. fxe3 Kh8 54. g6 1-0

[Event "*** Titled Tuesday Blitz"]
[Site "Chess.com"]
[Date "2020.04.21"]
[Round "7"]
[White "tamarozi99"]
[Black "HrvojeZagreb"]
[Result "0-1"]
[WhiteElo "1981"]
[BlackElo "2127"]
[TimeControl "180+1"]
[EndTime "11:21:58 PDT"]
[Termination "HrvojeZagreb won by resignation"]

1. e4 e6 2. d4 d5 3. Nc3 dxe4 4. Nxe4 Nd7 5. Bd3 Ngf6 6. Nf3 b6 7. c3 Bb7 8. Ng3 c5 9. O-O Be7 10. dxc5 Bxc5 11.
b4 Be7 12. Bf4 O-O 13. Re1 Nd5 14. Bd2 Bf6 15. Rc1 a5 16. b5 Nc5 17. Bb1 Qc7 18. Qc2 g6 19. Nh5 Bh8 20. Ng5 f6 21. Nxe6 Nxe6 22.
Rxe6 gxh5 23. c4 Nb4 24. Qf5 Bc8 25. a3 Bxe6 26. Qxe6+ Qf7 27. Qxb6 Rad8 28. Qe3 Rfe8 29. Qg3+ Qg7 30. Qxg7+ Bxg7 31. axb4 Rxd2 32. bxa5 f5 33. b6 Bd4 34. b7 Rxf2 35. Kh1 h4 36. c5 Rfe2 37.
c6 Re1+ 0-1

[Event "*** Titled Tuesday Blitz"]
[Site "Chess.com"]
[Date "2020.04.21"]
[Round "7"]
[White "Hanging_pointer"]
[Black "Durarbayli"]
[Result "1-0"]
[WhiteElo "2619"]
[BlackElo "2795"]
[TimeControl "180+1"]
[EndTime "11:21:59 PDT"]
[Termination "Hanging_pointer won on time"]

1. d4 Nf6 2. c4 e6 3. Nf3 c5 4. dxc5 Na6 5. Nc3 Nxc5 6. e3 b6 7. Be2 Bb7 8. O-O Be7 9. b3 O-O 10. Bb2 Rc8 11. Nd4 Qc7 12. Bf3 a6 13. Bxb7 Qxb7 14.
Qe2 Rfd8 15. Rfd1 d5 16. cxd5 Nxd5 17. Nxd5 Rxd5 18. Rac1 Rcd8 19. Nf3 Nd3 20. Rb1 Nxb2 21. Rxd5 Qxd5 22. Rxb2 Qd1+ 23. Qf1 Bf6 24. Re2 Bc3 25. g3 b5 26. Qxd1 Rxd1+ 27. Kg2 Kf8 28. Rc2 b4 29. Ng5 Ke7 30. Ne4 Be5 31. f4 Bc3 32.
Nxc3 bxc3 33. Kf3 Ra1 34. a4 Kd6 35. Rxc3 Rb1 36. h4 a5 37. Rc8 Rxb3 38. Ra8 Ra3 39. Rxa5 Ke7 40. g4 h6 41. g5 hxg5 42. hxg5 g6 43. Ra8 e5 44. fxe5 Ke6 45. Kf4 Ra1 46. Ra6+ Ke7 47. a5 Rf1+ 48. Ke4 Rg1 49. e6 fxe6 50.
Ra7+ Kd6 51. a6 Rxg5 52. Kf4 1-0

[Event "*** Titled Tuesday Blitz"]
[Site "Chess.com"]
[Date "2020.04.21"]
[Round "7"]
[White "aNaartjieZA"]
[Black "FROGGY64"]
[Result "1/2-1/2"]
[WhiteElo "2593"]
[BlackElo "2422"]
[TimeControl "180+1"]
[EndTime "11:21:59 PDT"]
[Termination "Game drawn by stalemate"]

1. e4 e6 2. d3 d5 3. Nd2 c5 4. Ngf3 Nf6 5. g3 Nc6 6. Bg2 Be7 7. O-O O-O 8. Re1 b5 9. e5 Nd7 10. Nf1 Qc7 11. Bf4 Bb7 12. h4 h6 13. Qd2 Rfc8 14. N1h2 Bf8 15. Ng4 Nd4 16. c3 Nxf3+ 17. Bxf3 d4 18. Bxb7 Qxb7 19. Bxh6 gxh6 20. Nxh6+ Bxh6 21. Qxh6 Qf3 22. Re4 Nf8 23. cxd4 cxd4 24. Rf4 Qe2 25. Qg5+ Ng6 26. h5 Qxe5 27. Qg4 Rc2 28. hxg6 f5 29. Qh5 Qg7 30. Re1 Re8 31. Rh4 Rc6 32. Qg5 e5 33. Qxf5 Rxg6 34. Rxd4 Rxg3+ 35. fxg3 Qxg3+ 36. Kf1 Rf8 37. Qxf8+ Kxf8 38. Rde4 Qxd3+ 39. Kf2 Qc2+ 40. R1e2 Qc5+ 41. Kf3 Qd5 42. a3 Kf7 43. Kf2 Qc5+ 44. Ke1 Ke6 45. Kd2 a6 46. R2e3 Qd5+ 47. Kc2 Kf5 48. Rxe5+ Qxe5 49. Rxe5+ Kxe5 50. Kc3 a5 51. a4 bxa4 52. Kc4 a3 53. bxa3 Kd6 54. Kb5 Kc7 55. Kxa5 Kb8 56. Ka6 Ka8 57. a4 Kb8 58. a5 Ka8 59.
Kb6 Kb8 60. a6 Ka8 61. a7 1/2-1/2

[Event "*** Titled Tuesday Blitz"]
[Site "Chess.com"]
[Date "2020.04.21"]
[Round "7"]
[White "Dynamikus"]
[Black "LiemLe"]
[Result "0-1"]
[WhiteElo "2740"]
[BlackElo "3002"]
[TimeControl "180+1"]
[EndTime "11:22:00 PDT"]
[Termination "LiemLe won on time"]

1. e4 e5 2. f4 d5 3. exd5 exf4 4. Nf3 Nf6 5. Nc3 Nxd5 6. Nxd5 Qxd5 7. d4 Bd6 8. Be2 O-O 9. O-O c5 10. c4 Qc6 11. d5 Qc7 12. Qc2 Nd7 13. Ng5 Nf6 14. Bd3 h6 15. Nh7 Nxh7 16. Bxh7+ Kh8 17. Bd3 Be5 18.
Kh1 Bg4 19. Bf5 Bh5 20. Bd2 Qd6 21. Rae1 Rae8 22. Qe4 g6 23. Bh3 g5 24. Bf5 Kg7 25. b3 Bg6 26. Qd3 Qf6 27. Be4 Bd4 28. g3 Rxe4 29.
Rxe4 Re8 30. Rfe1 Rxe4 31. Rxe4 Qf5 32. Rxd4 Qg4 33. Rxf4 gxf4 34. Bc3+ Kh7 35. Qf1 fxg3 36. hxg3 Qxg3 0-1

[Event "*** Titled Tuesday Blitz"]
[Site "Chess.com"]
[Date "2020.04.21"]
[Round "7"]
[White "szefru"]
[Black "noblerone"]
[Result "0-1"]
[WhiteElo "2149"]
[BlackElo "2459"]
[TimeControl "180+1"]
[EndTime "11:22:00 PDT"]
[Termination "noblerone won by checkmate"]

1. e4 c5 2. Nf3 e6 3. b3 d5 4. exd5 Qxd5 5. Nc3 Qd8 6. Bb5+ Bd7 7. Bxd7+ Nxd7 8. O-O Ngf6 9. d3 Be7 10. Bb2 O-O 11. Qe2 Nb6 12. Ne4 Nbd5 13. h3 Rc8 14. Rad1 Nf4 15.
Qd2 Ng6 16. c4 Rc7 17. Qe3 b6 18. d4 Nxe4 19. Qxe4 Qe8 20. Rfe1 cxd4 21. Nxd4 Bf6 22. Nb5 Rd7 23. Bxf6 gxf6 24. Nd6 Qe7 25. Nb5 Rfd8 26. Rxd7 Qxd7 27. Re2 f5 28. Qe3 f4 29. Qe4 Qd1+ 30.
Kh2 Rd2 31. Rxd2 Qxd2 32. a4 Qxf2 33. Nxa7 Nh4 34. Nc8 f3 35. Qg4+ Kf8 36. Nd6 fxg2 37. Ne4 g1=Q# 0-1

[Event "*** Titled Tuesday Blitz"]
[Site "Chess.com"]
[Date "2020.04.21"]
[Round "7"]
[White "ReyesBraulio"]
[Black "mathapples"]
[Result "0-1"]
[WhiteElo "2142"]
[BlackElo "2329"]
[TimeControl "180+1"]
[EndTime "11:22:02 PDT"]
[Termination "mathapples won by resignation"]

1. d4 d5 2. f4 Nf6 3. Nf3 Bf5 4. e3 e6 5. Bd3 Bxd3 6. Qxd3 c6 7. O-O Nbd7 8. Bd2 Ne4 9. Be1 Bd6 10.
Nbd2 Ndf6 11. Bh4 Qb6 12. b3 O-O 13. c4 c5 14. Bxf6 Nxf6 15. Kh1 Rfd8 16. Rac1 Rac8 17.
Ne5 cxd4 18. exd4 Ba3 19. c5 Qa5 20. Rc2 Bb4 21. Ndf3 Ne4 22. Ng5 f6 23. Nxe6 fxe5 24. Nxd8 Rxd8 25. fxe5 Be1 26. Qf3 h6 27. Qf7+ Kh7 28.
e6 Bh4 29. e7 Bxe7 30. Qxe7 Qb5 31. Rcc1 Re8 32. Qh4 Qe2 33. Qf4 Nd2 34. Qf5+ Kh8 35.
Rg1 Ne4 36. Qf3 Nf2+ 37. Qxf2 Qxf2 38. Rgf1 Qxd4 39. c6 bxc6 40. Rxc6 Qd2 41. Rcc1 Qxa2 0-1

[Event "*** Titled Tuesday Blitz"]
[Site "Chess.com"]
[Date "2020.04.21"]
[Round "7"]
[White "ljuks68"]
[Black "tan275"]
[Result "1-0"]
[WhiteElo "2334"]
[BlackElo "2149"]
[TimeControl "180+1"]
[EndTime "11:22:02 PDT"]
[Termination "ljuks68 won by resignation"]

1. e4 c6 2. d4 d5 3. e5 Bf5 4. Nd2 e6 5. Nb3 c5 6. Nxc5 Bxc5 7. dxc5 Qa5+ 8. c3 Qxc5 9. Nf3 Qc7 10. Bf4 Nc6 11. Bd3 Bxd3 12. Qxd3 Nge7 13. Bg3 Nf5 14. Bf4 h6 15. h4 Rd8 16. O-O-O O-O 17. g4 Nfe7 18.
Kb1 Ng6 19. Bg3 Ngxe5 20. Nxe5 Nxe5 21. Qd4 f6 22. g5 Qb6 23. Bxe5 fxe5 24. Qxe5 Rxf2 25.
c4 d4 26. b3 h5 27. Rhe1 d3 28. g6 Rf5 29. Qxe6+ Qxe6 30. Rxe6 Rf6 31. Re3 Rxg6 32.
Rdxd3 Rxd3 33. Rxd3 Rg1+ 34. Kb2 Rg4 35. Rd7 Rxh4 36.
Rxb7 Rf4 37. c5 h4 38. c6 h3 39. c7 Rf2+ 40. Kc3 Rf8 41. Rb8 h2 42. Rxf8+ Kh7 43. Rf1 1-0

[Event "*** Titled Tuesday Blitz"]
[Site "Chess.com"]
[Date "2020.04.21"]
[Round "7"]
[White "Darhild"]
[Black "tigra"]
[Result "0-1"]
[WhiteElo "2594"]
[BlackElo "2773"]
[TimeControl "180+1"]
[EndTime "11:22:03 PDT"]
[Termination "tigra won by resignation"]

1. Nf3 Nf6 2. g3 g6 3. Bg2 Bg7 4. O-O O-O 5. d4 d5 6. c4 c6 7. Qb3 a5 8. cxd5 a4 9. Qa3 Nxd5 10. e4 Nb6 11. Qe3 Na6 12. Nc3 Nb4 13. Qe2 Bg4 14. a3 Na6 15. Rd1 Bxf3 16. Bxf3 Bxd4 17. e5 Nc7 18. Bh6 Re8 19. Ne4 Ne6 20. Ng5 Nxg5 21. Bxg5 Ra5 22. Qe4 c5 23. Qxb7 Nc4 24. Bc6 Qb8 25.
Qxb8 Rxb8 26. Bxe7 Rxb2 27. Rxd4 cxd4 28. f4 d3 29. Bb4 Ra7 30. Rd1 d2 31. Kf2 Rxb4 32.
axb4 a3 33. Ke2 Nb2 34. Ra1 d1=Q+ 35. Rxd1 Nxd1 36. Kxd1 a2 0-1

[Event "*** Titled Tuesday Blitz"]
[Site "Chess.com"]
[Date "2020.04.21"]
[Round "7"]
[White "jaskol95"]
[Black "NTBT_DHS"]
[Result "1-0"]
[WhiteElo "2414"]
[BlackElo "2614"]
[TimeControl "180+1"]
[EndTime "11:22:03 PDT"]
[Termination "jaskol95 won by resignation"]

1. d4 Nf6 2. Bf4 g6 3. Nc3 Bg7 4. e4 O-O 5. Qd2 d5 6. e5 Ne4 7. Nxe4 dxe4 8. f3 c5 9. d5 Nd7 10. fxe4 Nxe5 11. O-O-O Qb6 12. c3 Bg4 13. Be2 Bxe2 14.
Qxe2 Qa5 15. Kb1 b5 16. Nf3 Nxf3 17. Qxf3 c4 18. d6 e5 19. Bg5 f6 20. Be3 Rad8 21.
Rd5 Rd7 22. Rhd1 Rfd8 23. Qh3 Kf7 24. g4 Qa6 25. Bc5 Qc6 26. g5 fxg5 27. Qxh7 Rf8 28. Rxe5 Kf6 29. Red5 Kf7 30. Re5 Kf6 31. Red5 Kf7 32.
Bd4 Ke8 33. Bxg7 Rff7 34. Qg8+ 1-0

[Event "*** Titled Tuesday Blitz"]
[Site "Chess.com"]
[Date "2020.04.21"]
[Round "7"]
[White "Usurpov"]
[Black "Yurovskykh_Oleksandr"]
[Result "1/2-1/2"]
[WhiteElo "2441"]
[BlackElo "2604"]
[TimeControl "180+1"]
[EndTime "11:22:03 PDT"]
[Termination "Game drawn by agreement"]

1. e4 d5 2. exd5 Qxd5 3. Nf3 Bg4 4. Be2 Bxf3 5. Bxf3 Qe5+ 6. Qe2 Qxe2+ 7. Kxe2 c6 8. d4 e6 9. c3 Nd7 10. Rd1 Ngf6 11. Nd2 Bd6 12. Nc4 Bc7 13. g3 h5 14. h4 g6 15. Bg5 O-O 16. a4 Kg7 17. Kf1 Rfe8 18. Kg2 Nd5 19. Ne3 Nxe3+ 20. Bxe3 Nf6 21. a5 a6 22. Bg5 Rad8 23. b4 Rd7 24. Re1 Nd5 25. Bd2 Bd8 26. Re2 Bf6 27. Rae1 Red8 28. Be4 Ne7 29. Bf4 Nd5 30. Bd2 Be7 31. Bc2 Bd6 32. Bb3 Ne7 33. Bg5 Re8 34. Bxe7 Rdxe7 35. f4 Kf6 36. Kf3 Rb8 37. Bc4 Rc7 38. Re3 Ke7 39. R3e2 Kd7 40. Re3 Rf8 41. R3e2 Ra8 42. Re3 Rcc8 43.
R3e2 Ra7 44. Re3 Bc7 45. Ra1 Rca8 46. Re2 b6 47. axb6 Bxb6 48. Rea2 a5 49. bxa5 Rxa5 50.
Ke3 Rxa2 51. Rxa2 Rb8 52. Rb2 Kc7 53. Kd3 Rd8 54. Ke4 c5 55. d5 exd5+ 56. Bxd5 Re8+ 57. Kf3 Re1 58. c4 Re7 59. Re2 Kd6 60. Rxe7 Kxe7 61. Ke4 Ba5 62. Kf3 f5 63. Bc6 Kf6 64. Bd5 Bc3 65. Bc6 1/2-1/2

[Event "*** Titled Tuesday Blitz"]
[Site "Chess.com"]
[Date "2020.04.21"]
[Round "7"]
[White "Batica1984"]
[Black "GMartin_Petrov"]
[Result "1-0"]
[WhiteElo "2771"]
[BlackElo "2560"]
[TimeControl "180+1"]
[EndTime "11:22:05 PDT"]
[Termination "Batica1984 won by resignation"]

1. e4 c5 2. Nc3 d6 3. f4 Nc6 4. Nf3 g6 5. Bb5 Bd7 6. Bc4 Bg7 7. d3 e6 8. f5 gxf5 9. O-O Nge7 10.
Bf4 Ne5 11. exf5 Nxf5 12. Ne4 Bc6 13. Bxe5 dxe5 14. Qe1 Qc7 15. Nfg5 Rf8 16. Nxh7 O-O-O 17. Nxf8 Rxf8 18. c3 Rh8 19. b4 cxb4 20. cxb4 Qb6+ 21. Kh1 Kb8 22. b5 Bxe4 23. dxe4 Nd6 24. Rc1 f5 25. Bxe6 Nxe4 26. Bxf5 Qh6 27. h3 Nd6 28. Qg3 Ka8 29.
Rcd1 Nc4 30. Rd7 Ne3 31. Rf3 Nxf5 32. Rxf5 Qc1+ 33. Kh2 Bf8 34. Rd8+ 1-0

[Event "*** Titled Tuesday Blitz"]
[Site "Chess.com"]
[Date "2020.04.21"]
[Round "7"]
[White "warmoatmeal"]
[Black "Larina_Marija"]
[Result "0-1"]
[WhiteElo "1975"]
[BlackElo "2247"]
[TimeControl "180+1"]
[EndTime "11:22:05 PDT"]
[Termination "Larina_Marija won on time"]

1. e4 c6 2. d4 d5 3. exd5 cxd5 4. c3 Nf6 5. Nf3 e6 6. Bf4 Bd6 7. Bg3 Nc6 8. Nbd2 O-O 9. Bd3 Qc7 10. O-O a6 11. a4 Rb8 12. Qe2 b5 13. axb5 axb5 14. Bxb5 Bxg3 15. hxg3 Qb7 16. Bxc6 Qxc6 17. Ne5 Qc7 18.
Rab1 Rb6 19. g4 Ba6 20. c4 dxc4 21. Ndxc4 Rb4 22. Rbc1 Rfb8 23. Qc2 Nd5 24. Rfd1 f6 25. Ne3 Qxc2 26. Nxc2 fxe5 27. Nxb4 Rxb4 28. dxe5 Rxg4 29. Rc6 Bb7 30. Rd6 Nf4 31. Rd8+ Kf7 32. R8d7+ Kg6 33. Rxb7 Rxg2+ 34. Kf1 Rh2 35. Ke1 h5 36. Rdd7 h4 37.
Rxg7+ Kf5 38. b4 Ke4 39. Kd2 Rxf2+ 40. Kc3 h3 41. b5 h2 42. Rh7 Ne2+ 43. Kb4 Ng3 44.
Rbe7 Kxe5 45. Rh6 h1=Q 46. Rexe6+ Kd5 47. Rxh1 Kxe6 48. Rh6+ Kd5 49. b6 Rb2+ 50. Kc3 Rb5 51. Kc2 Nf5 52. Rh5 Ke5 53. Kc3 Rxb6 54. Rh1 Rc6+ 55.
Kb4 Rd6 56. Kb5 Kd5 57. Kb4 Nd4 58. Rd1 Rb6+ 59. Kc3 Rb3+ 0-1

[Event "*** Titled Tuesday Blitz"]
[Site "Chess.com"]
[Date "2020.04.21"]
[Round "7"]
[White "ArnaudovP"]
[Black "Bacyanide"]
[Result "1/2-1/2"]
[WhiteElo "2632"]
[BlackElo "2433"]
[TimeControl "180+1"]
[EndTime "11:22:07 PDT"]
[Termination "Game drawn by agreement"]

1. Nf3 d5 2. g3 Nf6 3. Bg2 c5 4. O-O h6 5. b3 Nc6 6. d4 cxd4 7. Nxd4 e5 8. Nxc6 bxc6 9. c4 Be6 10. Bb2 Bd6 11. Nc3 e4 12. cxd5 cxd5 13. Nb5 Be7 14. Rc1 O-O 15. Qd4 Bg4 16. Rc2 a6 17. Nc7 Rc8 18. Rfc1 Bxe2 19. Nxd5 Rxc2 20. Rxc2 Bd3 21. Nxe7+ Qxe7 22. Rc6 Rd8 23. Qe5 Qxe5 24. Bxe5 Ng4 25. Bf4 g5 26. Bd6 Bb5 27. Rb6 Nf6 28. h3 Nd5 29. Rb8 Rxb8 30. Bxb8 Nc3 31. a4 Bd3 32. Bf1 f6 33. Ba7 Kf7 34. Bd4 Ne2+ 35. Bxe2 Bxe2 36. g4 Bd1 37. a5 Bxb3 38. Kg2 Be6 39.
Bc3 f5 40. gxf5 Bxf5 41. Bd4 Ke6 42. Bg7 h5 43. Bh6 g4 44. hxg4 Bxg4 45. Be3 Bf3+ 1/2-1/2

[Event "*** Titled Tuesday Blitz"]
[Site "Chess.com"]
[Date "2020.04.21"]
[Round "7"]
[White "Ginger_GM"]
[Black "chess4life23"]
[Result "1-0"]
[WhiteElo "2581"]
[BlackElo "2415"]
[TimeControl "180+1"]
[EndTime "11:22:07 PDT"]
[Termination "Ginger_GM won on time"]

1. e4 c6 2. Bc4 d5 3. Bb3 dxe4 4. Qh5 g6 5. Qh4 Nf6 6. Nc3 Bf5 7. f3 exf3 8. Nxf3 e6 9. d4 Nd5 10. Bg5 Be7 11. Qh6 Bxg5 12. Nxg5 Ne3 13. Qg7 Qxg5 14. Qxh8+ Ke7 15. Qe5 Qxg2 16. Qxe3 Qxh1+ 17. Kd2 Qxa1 18. Nd1 Nd7 19. d5 cxd5 20. Bxd5 Rd8 21. Qa3+ Ke8 22.
Ke2 exd5 23. Qe3+ Be6 24. Qc3 Qxa2 25. Ne3 Qa6+ 26. Kd2 Qc6 27. Qg7 Nc5 28. Kc1 Nd3+ 29. Kd2 Nc5 30. Ng2 d4 31. Nf4 Ne4+ 32. Kd1 Bf5 33.
Qe5+ Kd7 34. Nd5 1-0

[Event "*** Titled Tuesday Blitz"]
[Site "Chess.com"]
[Date "2020.04.21"]
[Round "7"]
[White "TheRigos"]
[Black "AsaHoffmann"]
[Result "0-1"]
[WhiteElo "2500"]
[BlackElo "2360"]
[TimeControl "180+1"]
[EndTime "11:22:07 PDT"]
[Termination "AsaHoffmann won by resignation"]

1. e4 d6 2. d4 Nf6 3. Nc3 c6 4.
Be3 Ng4 5. Bg5 Qb6 6. Qd2 e5 7. Nf3 Nd7 8. h3 Ngf6 9. Bc4 Be7 10. O-O O-O 11. a4 a5 12. Bb3 Re8 13. Be3 Qc7 14. Ng5 Rf8 15. f4 exd4 16. Bxd4 Nc5 17.
e5 Nxb3 18. cxb3 Nd5 19. Nxh7 Kxh7 20. Qc2+ Kg8 21. Nxd5 Qd8 22. Bb6 Qd7 23. Nxe7+ Qxe7 24. exd6 Qf6 25. Rfe1 Bf5 26. Qc3 Qg6 27. Bc5 Be4 28. Re2 Bd5 29. Rae1 Rfd8 30. Qe5 Be6 31. g4 Qd3 32. f5 Bd5 33. Re3 Qc2 34. R1e2 Qxc5 35. f6 Qxd6 36. fxg7 Qxe5 37. Rxe5 Kxg7 38. Rg5+ Kf8 39.
Kf2 Re8 40. Rd2 f6 41. Rh5 Kg7 42. g5 Re5 43. h4 fxg5 44. hxg5 Rf8+ 45. Kg3 Rff5 46.
Kg4 Be6 47. Rd7+ Bxd7 48. Rh7+ Kxh7 0-1

[Event "*** Titled Tuesday Blitz"]
[Site "Chess.com"]
[Date "2020.04.21"]
[Round "7"]
[White "Halvard"]
[Black "Ladislav1969"]
[Result "1/2-1/2"]
[WhiteElo "2097"]
[BlackElo "2252"]
[TimeControl "180+1"]
[EndTime "11:22:07 PDT"]
[Termination "Game drawn by repetition"]

1. e4 c5 2. a3 Nc6 3. b4 cxb4 4. axb4 d5 5. b5 Nb8 6. exd5 Nf6 7. c4 e6 8. dxe6 Bxe6 9. Nf3 Nbd7 10. Be2 Nb6 11. d3 Bc5 12. O-O Bd4 13. Ra2 O-O 14. Nxd4 Qxd4 15.
Be3 Qh4 16. Bf3 Bg4 17. h3 Bxf3 18. Qxf3 Rad8 19. Rxa7 Rxd3 20. Qe2 Qxc4 21. Bxb6 Qxb5 22. Be3 Rfd8 23. Nd2 Qd5 24. Nf3 Ne4 25. Raa1 b5 26.
Nd4 Rxd4 27. Bxd4 Qxd4 28. Qxb5 h6 29. Rad1 Qxd1 30. Rxd1 Rxd1+ 31. Kh2 Rd8 32. Qf5 Nf6 33.
g4 Rd5 34. Qf4 Rd8 35. h4 Re8 36. g5 hxg5 37. hxg5 Nh5 38. Qf3 g6 39. Kg2 Ng7 40. Qf6 Nf5 41. Kh2 Re6 42. Qd8+ Kg7 43. Qb8 Rd6 44.
Qb2+ Kg8 45. Qb8+ Kg7 46. Qb2+ Kg8 47. Qb8+ Kg7 1/2-1/2

[Event "*** Titled Tuesday Blitz"]
[Site "Chess.com"]
[Date "2020.04.21"]
[Round "7"]
[White "Muracle"]
[Black "Sethu0025"]
[Result "1/2-1/2"]
[WhiteElo "2635"]
[BlackElo "2826"]
[TimeControl "180+1"]
[EndTime "11:22:08 PDT"]
[Termination "Game drawn by repetition"]

1. Nf3 Nf6 2. g3 d5 3. Bg2 c5 4.
O-O g6 5. d4 cxd4 6. Nxd4 Bg7 7. c4 O-O 8. Nc3 e5 9. Ndb5 a6 10. Na3 d4 11. Nd5 Nxd5 12. cxd5 Nd7 13. Nc4 Nb6 14.
Nxb6 Qxb6 15. b3 Rd8 16. Bg5 f6 17. Bd2 Bf5 18. e4 Bd7 19. h4 Rac8 20. Kh2 h5 21. f4 Bg4 22. Bf3 Bxf3 23. Qxf3 Rc2 24. Rf2 Qc7 25. f5 Qf7 26. fxg6 Qxg6 27. Rg1 Qg4 28.
Qxg4 hxg4 29. Be1 Rdc8 30. Rxc2 Rxc2+ 31. Rg2 d3 32. Rxc2 dxc2 33. Bd2 Kh7 34. d6 Bh6 35. d7 Bxd2 36. d8=Q c1=Q 37. Qd7+ Kh6 38. Qf7 Qc2 39.
Qxf6+ Kh7 40. Qf7+ Kh8 41. Qf8+ Kh7 42. Qf7+ Kh8 43. Qf8+ Kh7 44. Qf7+ 1/2-1/2